 Dungeon Crawl Stone Soup version 0.22.0-25-g7663229 (webtiles) character file.

8295 Faca the Impaler (level 11, -4/95 HPs)
             Began as a Merfolk Gladiator on Aug 21, 2018.
             Was a Follower of Uskayaw.
             Killed from afar by a gargoyle (7 damage)
             ... with a stone arrow
             ... on level 11 of the Dungeon.
             The game lasted 00:31:01 (12449 turns).

Faca the Impaler (Merfolk Gladiator)               Turns: 12449, Time: 00:31:02

Health: -4/95      AC:  8    Str: 14    XL:     11   Next: 28%
Magic:  11/11      EV: 17    Int:  9    God:    Uskayaw [*.....]
Gold:   1010       SH:  7    Dex: 27    Spells: 10/10 levels left

rFire    + + .     SeeInvis .   D - +3 trident
rCold    . . .     Gourm    .   e - +0 buckler
rNeg     . . .     Faith    .   t - +1 ring mail {rF+}
rPois    .         Spirit   .   C - +0 helmet of Leapfrog {rElec rF+ Dex+7}
rElec    +         Reflect  .   z - +0 cloak
rCorr    .         Harm     .   (no gloves)
MR       .....                  (no boots)
Stlth    +.........             (no amulet)
HPRegen  0.25/turn              s - +2 ring of intelligence
MPRegen  0.12/turn              (no ring)

@: no status effects
A: change form in water, swift swim, stealthy swim
a: Stomp, Renounce Religion


You were on level 11 of the Dungeon.
You worshipped Uskayaw.
Uskayaw was noncommittal.
You were not hungry.

You visited 2 branches of the dungeon, and saw 12 of its levels.
You also visited: Sewer and Bailey.

You collected 1492 gold pieces.
You spent 482 gold pieces at shops.

Inventory:

Hand Weapons
 q - a +2 spear of venom
 D - a +3 trident (weapon)
Missiles
 a - 3 tomahawks
 d - 17 throwing nets (quivered)
Armour
 e - a +0 buckler (worn)
 t - a +1 ring mail of fire resistance (worn)
 z - a +0 cloak (worn)
 C - the +0 helmet of Leapfrog (worn) {rElec rF+ Dex+7}
   (You bought it in a shop on level 9 of the Dungeon)

   It affects your dexterity (+7).
   It protects you from fire.
   It insulates you from electricity.
Jewellery
 s - a +2 ring of intelligence (left hand)
Wands
 v - a wand of flame (45)
 y - a wand of paralysis (8)
 B - a wand of disintegration (7)
Scrolls
 b - a scroll of fear
 c - a scroll of identify
 h - 3 scrolls of fog
 i - 3 scrolls of remove curse
 m - 2 scrolls of enchant weapon
 n - a scroll of immolation
 r - 8 scrolls of teleportation
 x - a scroll of magic mapping
Potions
 g - a potion of cancellation
 j - 2 potions of might
 k - 4 potions of mutation
 l - a potion of lignification
 o - 3 potions of flight
 p - a potion of haste
 u - 2 potions of curing
 w - a potion of ambrosia
 A - 2 potions of agility
Comestibles
 f - 15 rations


   Skills:
 + Level 12.1 Fighting
 + Level 15.4 Polearms
 - Level 2.0 Throwing
 + Level 7.6 Dodging
 + Level 4.7 Shields


You had 10 spell levels left.
You didn't know any spells.
Your spell library contained the following spells:

 Spells                   Type           Power        Failure   Level  Hunger
 Corona                   Hex            #......      63%         1    ##.....
 Shock                    Conj/Air       #...         63%         1    ##.....
 Ensorcelled Hibernation  Hex/Ice        #.....       77%         2    ###....
 Swiftness                Chrm/Air       #.......     77%         2    ###....
 Confuse                  Hex            #.......     94%         3    ####...
 Dazzling Spray           Conj/Hex       #.....       94%         3    ####...
 Static Discharge         Conj/Air       #.......     94%         3    ####...
 Tukima's Dance           Hex            #.......     94%         3    ####...
 Airstrike                Air            #.........   100%        4    #####..
 Lightning Bolt           Conj/Air       #.........   100%        5    ######.


Dungeon Overview and Level Annotations

Branches:
Dungeon (11/15)            Temple (1/1) D:5            Lair (0/6) D:10
    Orc (0/2) D:9

Altars:
Ashenzari
Cheibriados
Fedhas
Gozag
Kikubaaqudgha
Makhleb
Nemelex Xobeh
Okawaru
Qazlal
Ru
Sif Muna
Uskayaw
Wu Jian
Zin

Shops:
D:6 [   D:9 [(   D:11 ?

Annotations:
D:9 1 runed door, whereupon's ghost, novice OgIE


Message History

The gargoyle is almost destroyed.
The gargoyle hits you with a mace.
* * * LOW HITPOINT WARNING * * *
You feel better.
The gargoyle hurls a stone arrow at you.
The stone arrow hits you!
* * * LOW HITPOINT WARNING * * *
You feel better.
The gargoyle hurls a stone arrow at you.
The stone arrow hits you!
* * * LOW HITPOINT WARNING * * *
As you read the scroll of fear, it crumbles to dust.
You assume a fearsome visage.
The centaur looks frightened!
The centaur warrior skeleton is unaffected.
The centaur zombie is unaffected.
The gargoyle is unaffected.
The centaur cowers, then darts away.
You block the gargoyle's attack.
The gargoyle hurls a stone arrow at you.
The stone arrow hits you!
You die...

*,* ****,,*,,,,............)...
*,* *,,,,,,,,,,,.##........###.
*,* *#..***,,,,,,,*#........##..
**,***...#**,,,,,,,*#.#.##.......
**,**,.....,,,,,,,,*#.#.##.##....
**,,,,#....,,,,,,,,*#.#..#######.
*,,,,,#.....***######.[#.## #.
*,,,,,#..(.c#* #....##....#######
,,,,,,#.....Z###@...##...........
,,,,,,#.....Z9(........>.[####...
,*,***#..$.#####........[.####.##
,,,* #..,,* #....##......##.##
*,,* #***,* #######....#......
*,,* #,* ######....###.### *,**
##.######.........# #.# # *,*
****#...<.....####....###.###
*,***.......####### ##..........


You could see a gargoyle and a centaur zombie.

Vanquished Creatures
  A two-headed ogre (D:10)
  An unseen horror (D:11)
  Maurice (D:8)
  A centaur skeleton (D:10)
  2 hornets (D:8)
  5 yaks (D:9)
  Eustachio (D:6)
  A soldier ant (D:8)
  A water moccasin (D:10)
  4 orc warriors
  4 sky beasts
  Purgy (Sewer)
  5 ogres
  An ice beast (D:8)
  A necrophage (D:10)
  5 phantoms
  3 centaurs
  8 gnoll sergeants (Bailey)
  6 bullfrogs
  A wyvern skeleton (D:9)
  4 scorpions
  3 crimson imps
  A bullfrog zombie (D:7)
  2 jellies
  A quasit (D:7)
  7 hounds
  A bullfrog skeleton (D:5)
  6 gnoll shamans (Bailey)
  Crazy Yiuf (D:7)
  2 orc priests
  6 orc wizards
  2 iguanas
  10 worker ants
  2 hound skeletons
  A worker ant zombie (D:6)
  21 gnolls
  10 adders
  A river rat (D:6)
  A shadow imp (D:5)
  2 adder skeletons
  5 worms
  7 leopard geckos
  43 orcs
  9 bats
  6 giant cockroaches
  14 goblins
  7 hobgoblins
  11 jackals
  6 kobolds
  7 quokkas
  A ball python (D:4)
  8 frilled lizards
  6 rats
267 creatures vanquished.

Notes
Turn   | Place    | Note
-------+----------+-------------------------------------------
     0 | D:1      | Faca the Merfolk Gladiator began the quest for the Orb.
     0 | D:1      | Reached XP level 1. HP: 16/16 MP: 1/1
   252 | D:1      | Reached XP level 2. HP: 23/23 MP: 2/2
   355 | D:1      | Reached skill level 5 in Polearms
   845 | D:2      | Reached XP level 3. HP: 28/29 MP: 3/3
   871 | D:2      | Noticed a bullfrog
   875 | D:2      | Killed a bullfrog
   875 | D:2      | Reached skill level 6 in Polearms
   875 | D:2      | Reached XP level 4. HP: 21/37 MP: 4/4
  1388 | D:2      | Reached XP level 5. HP: 33/42 MP: 5/5
  1640 | D:2      | Found a faded altar of an unknown god.
  1838 | D:2      | Reached skill level 7 in Polearms
  2296 | D:3      | Reached XP level 6. HP: 50/50 MP: 6/6
  2723 | D:3      | Found a deep blue altar of Sif Muna.
  2860 | D:4      | Reached skill level 5 in Fighting
  2962 | D:4      | Found a sacrificial altar of Ru.
  2993 | D:4      | Found a sparkling altar of Nemelex Xobeh.
  3389 | D:5      | Entered Level 5 of the Dungeon
  3628 | D:5      | Reached skill level 8 in Polearms
  3636 | D:5      | Reached XP level 7. HP: 41/57 MP: 7/7
  3772 | D:5      | Found a shattered altar of Ashenzari.
  3939 | D:5      | Found a staircase to the Ecumenical Temple.
  3958 | Temple   | Entered the Ecumenical Temple
  4018 | Temple   | Became a worshipper of Uskayaw the Reveler
  4239 | D:5      | Reached * piety under Uskayaw
  4241 | D:5      | Reached skill level 9 in Polearms
  4487 | D:6      | Reached ** piety under Uskayaw
  4500 | D:6      | Got a distressingly furry chain mail
  4623 | D:6      | Reached *** piety under Uskayaw
  4689 | D:6      | Found a glowing drain.
  4693 | Sewer    | Entered a sewer
  4760 | Sewer    | Noticed Purgy
  4787 | Sewer    | Killed Purgy
  4787 | Sewer    | Reached XP level 8. HP: 56/67 MP: 8/8
  4856 | D:6      | Identified the cursed +0 chain mail of the Doldrums {rF+ Str-4 Dex+3} (You took it off a gnoll on level 6 of the Dungeon)
  4989 | D:6      | Found a snail-covered altar of Cheibriados.
  4996 | D:6      | Found Epifuana's Armour Emporium.
  5209 | D:6      | Noticed Eustachio
  5213 | D:6      | Reached skill level 10 in Polearms
  5228 | D:6      | Killed Eustachio
  5948 | D:7      | Reached skill level 11 in Polearms
  6334 | D:7      | Reached XP level 9. HP: 72/75 MP: 9/9
  6448 | D:7      | Reached skill level 12 in Polearms
  6612 | D:7      | Found a runed door.
  6616 | D:7      | Noticed Crazy Yiuf
  6621 | D:7      | Killed Crazy Yiuf
  7139 | D:8      | Noticed a hornet
  7154 | D:8      | Paralysed by a hornet for 3 turns
  7158 | D:8      | Killed a hornet
  7164 | D:8      | Noticed a hornet
  7165 | D:8      | Reached **** piety under Uskayaw
  7172 | D:8      | Reached ***** piety under Uskayaw
  7174 | D:8      | Killed a hornet
  7174 | D:8      | Reached skill level 10 in Fighting
  7174 | D:8      | Reached skill level 13 in Polearms
  7581 | D:8      | Found a blossoming altar of Fedhas.
  7693 | D:8      | Noticed Maurice
  7706 | D:8      | Killed Maurice
  7915 | D:8      | Found an opulent altar of Gozag.
  7915 | D:8      | Found an ornate altar of the Wu Jian Council.
  7947 | D:8      | Found a glowing silver altar of Zin.
  8096 | D:9      | Reached XP level 10. HP: 78/86 MP: 10/10
  8100 | D:9      | Noticed whereupon's ghost (novice OgIE)
  8102 | D:9      | Found a runed door.
  8227 | D:9      | Reached skill level 14 in Polearms
  8358 | D:9      | Found a burning altar of Makhleb.
  8358 | D:9      | Found an ancient bone altar of Kikubaaqudgha.
  8428 | D:9      | Got a slimy lajatang
  8434 | D:9      | Identified the cursed +0 lajatang of Destiny {freeze, MR++} (You found it on level 9 of the Dungeon)
  8474 | D:9      | Found Lopanute's Weapon Boutique.
  8482 | D:9      | Reached skill level 1 in Shields
  8638 | D:9      | Found a staircase to the Orcish Mines.
  8640 | D:9      | Found Nowoikhli's Armour Boutique.
  8771 | D:9      | Noticed a white ugly thing
  8798 | D:9      | HP: 1/88 [white ugly thing (16)]
  9289 | D:9      | Reached skill level 5 in Dodging
  9564 | D:9      | Bought the +0 helmet of Leapfrog {rElec rF+ Dex+7} for 482 gold pieces
  9582 | D:10     | Entered Level 10 of the Dungeon
  9734 | D:10     | Noticed a two-headed ogre
  9752 | D:10     | Killed a two-headed ogre
 10414 | D:10     | Found a staircase to the Lair.
 10506 | D:10     | Reached skill level 15 in Polearms
 10513 | D:10     | Reached XP level 11. HP: 85/94 MP: 11/11
 10759 | D:11     | Found Iloi's Magic Scroll Emporium.
 10763 | D:11     | Noticed a purple ugly thing
 10781 | D:11     | Found a flagged portal.
 10799 | D:11     | Killed an unseen horror
 11228 | Bailey   | Entered a bailey
 12446 | D:11     | HP: 3/95 [gargoyle/stone arrow (16)]
 12449 | D:11     | Killed from afar by a gargoyle

Skill      XL: |  1  2  3  4  5  6  7  8  9 10 11 |
---------------+----------------------------------+-----
Polearms       | 5 6 7 8 9 11 13 15 | 15.4
Fighting       | 3 4 5 7 8 10 11 12 | 12.1
Shields        | 3 4 |  4.7
Dodging        | 6 7 |  7.6
Throwing       | |  2.0

Action                   |  1- 3 |  4- 6 |  7- 9 | 10-12 || total
-------------------------+-------+-------+-------+-------++-------
Melee: Trident           |    60 |   243 |   431 |   500 ||  1234
       Tailslap          |       |       |     3 |     6 ||     9
       Lajatang          |       |       |       |    36 ||    36
       Spear             |       |       |       |    20 ||    20
Evoke: Wand              |       |       |     6 |       ||     6
  Use: Scroll            |       |    17 |     6 |     6 ||    29
       Potion            |       |       |     3 |     3 ||     6
 Stab: Distracted        |     1 |       |       |     1 ||     2
       Paralysed         |       |       |    23 |    22 ||    45
       Sleeping          |       |       |     3 |     2 ||     5
  Eat: Ration            |       |     2 |     4 |     4 ||    10
       Chunk             |       |     2 |     1 |     3 ||     6
Armor: Leather armour    |     6 |       |       |       ||     6
       Ring mail         |    13 |    52 |    81 |    56 ||   202
       Skin              |       |       |    19 |       ||    19
Dodge: Dodged            |    31 |   117 |   140 |   214 ||   502
Block: Buckler           |     8 |    40 |    41 |    76 ||   165
